 Dungeon Crawl Stone Soup version 0.31-a0-344-gd109795599 (webtiles) character file.

Game seed: 5109864913842382292

138 Newt the Trooper (level 5, -6/42 HPs)
             Began as a Merfolk Fighter on July 21, 2023.
             Mangled by an ogre
             ... wielding a +0 giant club
              (31 damage)
             ... on level 3 of the Dungeon.
             The game lasted 00:02:20 (2878 turns).

Newt the Trooper (Merfolk Fighter)                  Turns: 2878, Time: 00:02:20

Health: -6/42      AC:  6    Str: 17    XL:     5   Next: 21%
Magic:  5/5        EV: 10    Int: 11    God:
Gold:   126        SH:  5    Dex: 15    Spells: 4/4 levels left

rFire   . . .        l - +1 short sword of Duty {pain, rPois Will+ rCorr Int+4}
rCold   . . .        c - +0 buckler
rNeg    . . .        b - +0 scale mail
rPois   +            (no helmet)
rElec   .            (no cloak)
rCorr   +            (no gloves)
SInv    .            (no boots)
Will    +....        (no amulet) Stlth
                     (no ring)
HPRegen 0.27/turn    (no ring)
MPRegen 0.09/turn

%: no passive effects
@: no status effects
A: (nimble swimmer 2), mertail
a: no special abilities


You were on level 3 of the Dungeon.
You visited 1 branch of the dungeon, and saw 3 of its levels.

You collected 126 gold pieces.

Inventory:

Hand Weapons
 a - a +0 long sword
 l - the +1 short sword of Duty (weapon) {pain, rPois Will+ rCorr Int+4}
   (You found it on level 2 of the Dungeon)

   Int:       It affects your intelligence (+4).
   rPois:     It protects you from poison.
   rCorr:     It protects you from acid and corrosion.
   Will:      It increases your willpower.
Missiles
 k - 4 javelins
Armour
 b - a +0 scale mail (worn)
 c - a +0 buckler (worn)
Jewellery
 j - a ring of fire
Scrolls
 h - a scroll of enchant armour
 i - 3 scrolls of teleportation
Potions
 d - a potion of might
 f - a potion of mutation
 g - 4 potions of curing
 m - a potion of cancellation {unknown}


   Skills:
 - Level 4.0 Fighting
 - Level 2.4 Long Blades
 + Level 2.7 Throwing
 - Level 2.1 Armour
 - Level 4.0 Dodging
 - Level 3.0 Shields


You had 4 spell levels left.
You didn't know any spells.
Your spell library contained the following spells:

 Spells                   Type           Power      Damage    Failure   Level
 Dazzling Flash           Conj/Hex       0%         N/A       99%         3
 Volatile Blastmotes      Fire/Tloc      0%         2d10      99%         3
 Summon Forest            Summ/Tloc      0%         N/A       100%        5
 Eringya's Noxious Bog    Tmut/Pois      0%         4d6       100%        6
 Starburst                Conj/Fire      0%         6d3       100%        6
 Summon Hydra             Summ           0%         N/A       100%        7
 Maxwell's Capacitive Co  Air            0%         ∞         100%        8


Dungeon Overview and Level Annotations

Branches:
Dungeon (3/15)

Altars:
Ashenzari
Xom


Innate Abilities, Weirdness & Mutations

((You are very nimble when in or above water. (Stealth+, EV+, Speed+++)))
Your lower body shifts to a powerful aquatic tail in water.


Message History

You hit the ogre but do no damage.
Unknown command.
Throw: 2 darts (atropa)
Press: ? - help, Shift-Dir - straight line, f - ogre
Aim: an ogre, wielding a +0 giant club (74% to hit, chance to blind on hit: 51%)
You throw an atropa-tipped dart.
The atropa-tipped dart barely misses the ogre.
The ogre closely misses you.
Throw: dart (atropa)
Press: ? - help, Shift-Dir - straight line, f/p - ogre
Aim: an ogre, wielding a +0 giant club (74% to hit, chance to blind on hit: 41%)
You throw an atropa-tipped dart. The atropa-tipped dart hits the ogre.
The ogre resists.
The ogre closely misses you.
Unknown command.
Throw: 3 darts (poison)
Press: ? - help, Shift-Dir - straight line, f/p - ogre
Aim: an ogre, wielding a +0 giant club (74% to hit)
You throw a poisoned dart. The poisoned dart hits the ogre.
Unknown command.
Throw: 2 darts (poison)
Press: ? - help, Shift-Dir - straight line, f/p - ogre
Aim: an ogre, wielding a +0 giant club (74% to hit)
You throw a poisoned dart.
The poisoned dart barely misses the ogre.
The ogre hits you with a +0 giant club!
Unknown command.
Unknown command.
Throw: dart (poison)
Press: ? - help, Shift-Dir - straight line, f/p - ogre
Aim: an ogre, wielding a +0 giant club (74% to hit)
You throw a poisoned dart. The poisoned dart hits the ogre.
The ogre is poisoned.
Unknown command.
Unknown command.
Okay, then.
You feel better.
The ogre hits you with a +0 giant club!!
Ouch! That really hurt!
You die...

..##..##...#
#.###.#
.#..##...###
##.#...#
###.##....#
#....###
.#..#...#.....
###....#
).##...#######
#...#.#####
.#.###.#
#.###.#...#
##.. ..#
##.....#._.#
....#
#'#####....#
...## #@.#
###### ##O# .#
.. ###


You could see an ogre (poisoned).

Vanquished Creatures
  3 gnolls (D:3)
  5 adders
  3 dart slugs
  3 endoplasms
  3 giant cockroaches
  7 goblins
  5 hobgoblins
  9 jackals (D:1)
  2 kobolds (D:2)
  5 quokkas
  2 ball pythons
  5 bats
  2 frilled lizards (D:2)
  A rat (D:1)
55 creatures vanquished.

Notes
Turn   | Place    | Note
-------+----------+-------------------------------------------
     0 | D:1      | Newt the Merfolk Fighter began the quest for the Orb.
     0 | D:1      | Reached XP level 1. HP: 18/18 MP: 1/1
    77 | D:1      | Reached XP level 2. HP: 12/25 MP: 2/2
   255 | D:1      | Reached skill level 1 in Dodging
   465 | D:1      | Reached XP level 3. HP: 23/30 MP: 3/3
   870 | D:1      | Found a faded altar of an unknown god.
  1202 | D:2      | Reached XP level 4. HP: 37/37 MP: 4/4
  1454 | D:2      | Reached skill level 1 in Throwing
  1621 | D:2      | Found a shimmering altar of Xom.
  1841 | D:2      | Identified the +1 short sword of Duty {pain, rPois Will+
                  | rCorr Int+4}
  2602 | D:3      | Reached XP level 5. HP: 27/42 MP: 5/5
  2862 | D:3      | Found a broken altar of Ashenzari.
  2869 | D:3      | Noticed an ogre
  2878 | D:3      | Mangled by an ogre

Illustrated notes

Levels and vault maps discovered:
D:1:      minmay_arrival_jagged, layout_basic,
          shapermc_ecumenical_altar_hornbeckon, nicolae_hexahallways,
          minmay_bisected
D:2:      wad_lake_hut, layout_basic, basic_altar, corexii_hall_statues_s
D:3:      layout_loops_ring, mainiacjoe_overflow_swirl, minmay_pentomino_pile

Skill      XL: |  1  2  3  4 |
---------------+-------------+-----
Fighting       | 4 |  4.0
Dodging        | 2 3 4 |  4.0
Throwing       | 2 |  2.7
Long Blades    | |  2.4
Armour         | |  2.1
Shields        | |  3.0

Action                     |  1- 3 |  4- 6 || total
---------------------------+-------+-------++-------
  Melee: Long sword        |   115 |    51 ||   166
         Short sword       |       |    25 ||    25
         Tailslap          |       |     1 ||     1
  Throw: Javelin           |       |     2 ||     2
         Dart              |       |     5 ||     5
    Use: Scroll            |     3 |     2 ||     5
         Potion            |       |     1 ||     1
 Armour: Scale mail        |    61 |    18 ||    79
  Dodge: Dodged            |    67 |    44 ||   111
  Block: Buckler           |    30 |    26 ||    56

Table legend: (Time is in decaauts)
 A = Elapsed time spent in this place.
 B = Non-inter-level travel time spent in this place.
 C = Inter-level travel time spent in this place.
 D = Time resting spent in this place.
 E = Time spent auto-exploring this place.
 F = Levels seen in this place.
 G = Mean time per level.
                   A        B        C        D        E       F      G
               +--------+--------+--------+--------+--------+-----+--------+
         Total |   2889 |   2654 |    235 |    156 |   2071 |   3 |  963.0 |
       Dungeon |   2889 |   2654 |    235 |    156 |   2071 |   3 |  963.0 |
               +--------+--------+--------+--------+--------+-----+--------+

Top non-repeatable levels by time:
     D:2: 1456 daAuts
     D:1: 1098 daAuts
     D:3: 335 daAuts
